 Dungeon Crawl Stone Soup version 0.25-a0-822-g6581751b11 (webtiles) character file.

Game seed: 13046418678923318850, levelgen mode: deterministic

2881 MisterFreud the Nimble (level 9, -2/64 HPs)
             Began as a Felid Berserker on Apr 20, 2020.
             Was a Priest of Trog.
             Killed by divine providence
             ... invoked by an orc priest
              (10 damage)
             ... on level 9 of the Dungeon.
             The game lasted 00:13:56 (10471 turns).

MisterFreud the Nimble (Felid Berserker)           Turns: 10471, Time: 00:13:57

Health: -2/64      AC:  2    Str: 13    XL:     9   Next: 48%
Magic:  15/15      EV: 28    Int:  8    God:    Trog [***...]
Gold:   576        SH:  0    Dex: 19    Spells: 8/8 levels left
                                        Lives:  0   Deaths: 2

rFire    . . .     SeeInvis +     - Unarmed
rCold    . . .     Gourm    .   (shield unavailable)
rNeg     . . .     Faith    .   (armour unavailable)
rPois    .         Spirit   .   (helmet unavailable)
rElec    .         Reflect  .   (cloak unavailable)
rCorr    +         Harm     .   (gloves unavailable)
MR       +....                  (boots unavailable)
Stlth    ..........             u - amulet of the acrobat
HPRegen  0.20/turn              (no ring)
MPRegen  0.14/turn              k - ring of resist corrosion

@: berserking (expiring), very quick
A: very small, no armour, no weapons or thrown items, stealth, claws 1, fangs 3,
see invisible, carnivore, speed 1, shaggy fur 2, slow metabolism 1, sharp paws
a: Berserk, Trog's Hand, Renounce Religion


You were on level 9 of the Dungeon.
You worshipped Trog.
Trog was most pleased with you.
You were very full.

You visited 2 branches of the dungeon, and saw 10 of its levels.

You collected 576 gold pieces.

Inventory:

Jewellery
 e - an uncursed ring of fire
 k - a ring of resist corrosion (right paw)
 u - an amulet of the acrobat (around neck)
 w - an uncursed ring of flight
 y - an uncursed amulet of the gourmand
Wands
 h - a wand of polymorph (15)
 o - a wand of flame (21)
 r - a wand of clouds (11)
 B - a wand of enslavement (13)
 E - a wand of random effects (8)
Scrolls
 b - 3 scrolls of identify
 c - 6 scrolls of remove curse {unknown}
 d - 3 scrolls of enchant armour {unknown}
 i - a scroll of random uselessness {unknown}
 l - a scroll of amnesia {unknown}
 m - a scroll of fog {unknown}
 n - 2 scrolls of enchant weapon {unknown}
 q - 7 scrolls of teleportation {unknown}
 s - 3 scrolls of blinking {unknown}
 G - a scroll of fear {unknown}
Potions
 f - 2 potions of mutation
 g - 5 potions of curing
 j - 3 potions of heal wounds
 p - 5 potions of lignification
 t - a potion of haste
 v - 2 potions of stabbing
 x - a potion of might
 z - a potion of flight
 A - 3 potions of brilliance {unknown}
 C - a potion of invisibility {unknown}
 D - a potion of resistance {unknown}
 F - a potion of berserk rage {unknown}
Comestibles
 a - 13 rations
 H - 4 chunks of flesh


   Skills:
 + Level 7.5 Fighting
 + Level 11.3 Dodging
 + Level 8.8 Stealth
 + Level 7.5 Unarmed Combat
 + Level 7.0 Evocations


You had 8 spell levels left.
You didn't know any spells.
Your spell library was empty.

Dungeon Overview and Level Annotations

Branches:
Dungeon (9/15)             Temple (1/1) D:5            Lair (0/6) D:8
    Orc: D:9-12

Altars:
Ashenzari
Cheibriados
Dithmenos
Elyvilon
Fedhas
Gozag
Hepliaklqana
Makhleb
Sif Muna
Xom
Zin

Shops:
D:7 *%(


Innate Abilities, Weirdness & Mutations

You cannot wear armour.
You are incapable of wielding weapons or throwing items.
Your paws allow you to move quietly. (Stealth)
You have sharp claws.
You have razor-sharp teeth.
You have supernaturally acute eyesight. (SInv)
You are carnivorous and can eat meat at any time.
You cover ground quickly.
You are covered in thick fur. (AC +2)
You have a slow metabolism.
Your sharp claws are effective at attacking unaware monsters.


Message History

You mangle the black bear!!
You kill the black bear!
Trog accepts your kill.
Your Evocations skill increases to level 7!
The orc priest begins to cast a cantrip, but forgets the words!
You scratch the orc wizard but do no damage.
The orc wizard closely misses you.
You scratch the orc wizard.
The orc wizard is lightly wounded.
The orc wizard casts a spell.
The orc wizard seems to speed up.
The orc priest begins to cast a cantrip, but forgets the words!
You closely miss the orc wizard.
The orc wizard is lightly wounded.
The orc wizard completely misses you.
You claw the orc wizard!
The orc wizard is severely wounded.
The orc priest mumbles some strange prayers to Beogh against you.
Beogh smites you!
You die...

#.# ###.......# #.#
##.###### #.# #... ##.#
####+ # #..# .#
#####'###### ..#
#..........# ...#
#..........# ####o..[#
'..........####.@ooo..#
#....(.....##...##o...#
#.....>....'..### ^..#
#..........#### ..#
######'##### ## #.##
#..# ######.####
#.........#


You could see 2 orc priests, 2 orc wizards and an orc.

Vanquished Creatures
  An unseen horror (D:5)
  A hippogriff (D:8)
  6 yaks (D:9)
  Menkaure (D:7)
  Duvessa (D:7)
  3 orc warriors
  A sky beast (D:6)
  3 ice beasts
  3 black bears
  6 ogres
  6 centaurs
  A crocodile (D:8)
  A big kobold (D:6)
  A gnoll sergeant (D:5)
  6 bullfrogs
  2 scorpions
  Dowan (D:7)
  2 howler monkeys (D:7)
  3 wights (D:3)
  A crimson imp (D:5)
  A bullfrog zombie (D:7)
  2 jellies
  A hound (D:8)
  3 orc wizards (D:6)
  4 orc priests
  Jessica (D:2)
  2 iguanas (D:4)
  Ijyb (D:4)
  4 worker ants
  2 hound zombies
  A howler monkey zombie (D:5)
  5 gnolls (D:5)
  13 adders
  An ooze (D:3)
  An adder zombie (D:5)
  An adder skeleton (D:9)
  3 worms
  3 dart slugs
  3 leopard geckos
  23 orcs
  6 bats
  2 giant cockroaches
  3 goblins
  6 hobgoblins
  10 jackals
  2 quokkas
  3 frilled lizards
  10 kobolds
  5 rats
172 creatures vanquished.

Notes
Turn   | Place    | Note
-------+----------+-------------------------------------------
     0 | D:1      | MisterFreud the Felid Berserker began the quest for the
                  | Orb.
     0 | D:1      | Reached XP level 1. HP: 10/10 MP: 2/2
   433 | D:1      | Reached XP level 2. HP: 14/14 MP: 3/3
   915 | D:2      | Reached XP level 3. HP: 16/18 MP: 4/4
  1252 | D:2      | Found a blossoming altar of Fedhas.
  1287 | D:2      | Reached XP level 4. HP: 8/22 MP: 5/5
  1618 | D:2      | Reached skill level 5 in Fighting
  1771 | D:2      | Found a shattered altar of Ashenzari.
  1771 | D:2      | Found a shadowy altar of Dithmenos.
  1989 | D:2      | Reached skill level 1 in Stealth
  2261 | D:2      | Noticed Jessica
  2270 | D:2      | Reached ** piety under Trog
  2275 | D:2      | Killed Jessica
  2891 | D:3      | Reached XP level 5. HP: 26/26 MP: 6/6
  3026 | D:3      | Noticed an ogre
  3220 | D:3      | Killed an ogre
  3220 | D:3      | Reached skill level 5 in Dodging
  3220 | D:3      | Gained mutation: You are covered in thick fur. (AC +2)
                  | [Felid growth]
  3220 | D:3      | Reached XP level 6. HP: 30/30 MP: 7/7
  3252 | D:3      | Found an opulent altar of Gozag.
  4155 | D:3      | Found a shimmering altar of Xom.
  4439 | D:4      | Noticed Ijyb
  4450 | D:4      | Killed Ijyb
  4542 | D:3      | Reached XP level 7. HP: 34/34 MP: 8/8
  4654 | D:4      | Reached skill level 6 in Dodging
  4728 | D:4      | Reached skill level 5 in Stealth
  4994 | D:4      | Found a shimmering blue altar of Sif Muna.
  5376 | D:4      | Found a burning altar of Makhleb.
  5376 | D:4      | Noticed an Executioner
  5383 | D:4      | Reached *** piety under Trog
  5383 | D:4      | Reached skill level 1 in Evocations
  5474 | D:4      | Reached skill level 5 in Unarmed Combat
  5639 | D:5      | Entered Level 5 of the Dungeon
  5690 | D:5      | Found a staircase to the Ecumenical Temple.
  5709 | D:5      | Reached XP level 8. HP: 7/38 MP: 10/10
  5750 | Temple   | Entered the Ecumenical Temple
  6031 | D:5      | Noticed an unseen horror
  6039 | D:5      | Reached skill level 7 in Dodging
  6063 | D:5      | Killed an unseen horror
  6063 | D:5      | Reached skill level 8 in Dodging
  6575 | D:5      | Found a white marble altar of Elyvilon.
  6666 | D:5      | Found a hazy altar of Hepliaklqana.
  6809 | D:5      | Reached skill level 9 in Dodging
  6809 | D:5      | Reached skill level 5 in Evocations
  6846 | D:5      | Found a snail-covered altar of Cheibriados.
  7121 | D:6      | Reached XP level 9. HP: 41/41 MP: 13/13
  7292 | D:6      | Reached skill level 10 in Dodging
  7458 | D:6      | Found a blossoming altar of Fedhas.
  8071 | D:6      | Slain by a sky beast
  8072 | D:6      | Reached XP level 8. HP: 0/38 MP: 12/12
  8231 | D:7      | Found Pekhlu's Assorted Antiques.
  8665 | D:7      | Noticed Duvessa
  8665 | D:7      | Noticed Dowan
  8712 | D:7      | Killed Dowan
  8732 | D:7      | Reached XP level 9. HP: 42/42 MP: 14/14
  8770 | D:7      | Killed Duvessa
  8834 | D:7      | Found a glowing silver altar of Zin.
  8875 | D:7      | Noticed Menkaure
  8885 | D:7      | Killed Menkaure
  9000 | D:7      | Found Zeisott's Food Shoppe.
  9045 | D:7      | Found Yfaleh's Weapon Shoppe.
  9452 | D:8      | Found a staircase to the Lair.
  9532 | D:8      | Noticed a death yak
  9568 | D:7      | Mangled by a death yak
  9569 | D:7      | Reached XP level 8. HP: -10/60 MP: 13/13
 10089 | D:8      | Reached skill level 11 in Dodging
 10250 | D:9      | Reached XP level 9. HP: 43/43 MP: 14/14
 10366 | D:9      | Reached **** piety under Trog
 10471 | D:9      | Killed from afar by an orc priest

Levels and vault maps discovered:
D:1:      shiori_shiawase, layout_basic, minmay_tetromino_i4
D:2:      layout_basic, gammafunk_temple_overflow_elements, old_standard_altar,
          first_ration, uniq_jessica
D:3:      layout_basic, marbit_many_paths, lemuel_doored_altar
D:4:      layout_gridville, makhleb_altar_promises_db, old_standard_altar,
          uniq_ijyb
D:5:      layout_basic, lemuel_round_altar, nicolae_overflow_crystal_walls,
          elyvilon_altar_5, minmay_temple_entry_slanted, serial_curves,
          eino_curves_03, eino_curves_02, st_stairs_2
D:6:      layout_loops_ring, fedhas_bush_and_centaur_altar
D:7:      layout_basic, kennysheep_mini, serial_shops, nicolae_shop_stone, shop,
          nicolae_shop_crystal, uniq_duvessa, uniq_menkaure
D:8:      layout_layer_cave, david_lair_generic
D:9:      layout_roguey
Temple:   minmay_temple_curvy_loop

Skill      XL: |  1  2  3  4  5  6  7  8  9 |
---------------+----------------------------+-----
Fighting       | 4 5 6 7 |  7.5
Stealth        | 1 3 4 5 7 8 |  8.8
Dodging        | 5 6 11 10 | 11.3
Unarmed Combat | 4 5 6 7 |  7.5
Evocations     | 2 5 7 |  7.0

Action                   |  1- 3 |  4- 6 |  7- 9 || total
-------------------------+-------+-------+-------++-------
Melee: Unarmed           |    72 |   112 |   387 ||   571
       Bite              |     5 |    10 |    58 ||    73
       Punch             |       |     1 |     8 ||     9
Invok: Berserk           |     4 |    11 |    19 ||    34
       Trog's Hand       |       |     1 |     5 ||     6
  Use: Potion            |     1 |       |     1 ||     2
       Scroll            |       |       |     8 ||     8
 Stab: Sleeping          |     6 |     7 |    18 ||    31
       Distracted        |       |     1 |     3 ||     4
  Eat: Chunk             |     8 |    17 |    40 ||    65
Armor: Skin              |     7 |     2 |    13 ||    22
Dodge: Dodged            |    62 |    74 |   370 ||   506

Table legend:
 A = Non-vault XP
 B = Vault XP
 C = Vault XP percentage of total XP
 D = Non-vault monster count
 E = Vault monster count
 F = Vault count percentage of total count
                 A         B        C        D         E       F
            +---------+---------+-------+---------+---------+-------
      Total |    6151 |    1663 |  21.3 |     161 |      11 |   6.4
            +---------+---------+-------+---------+---------+-------
        D:1 |      23 |       0 |   0.0 |      14 |       0 |   0.0
        D:2 |     128 |      37 |  22.4 |      23 |       1 |   4.2
        D:3 |     531 |       1 |   0.2 |      26 |       1 |   3.7
        D:4 |     557 |      33 |   5.6 |      21 |       1 |   4.5
        D:5 |     602 |     718 |  54.4 |      16 |       2 |  11.1
        D:6 |     919 |     108 |  10.5 |      16 |       1 |   5.9
        D:7 |     932 |     397 |  29.9 |      17 |       3 |  15.0
        D:8 |     728 |     369 |  33.6 |      12 |       2 |  14.3
        D:9 |    1731 |       0 |   0.0 |      16 |       0 |   0.0
            +---------+---------+-------+---------+---------+-------
